 Dungeon Crawl Stone Soup version 0.27-a0-1359-ga2a4dfd6fd (webtiles) character file.

Game seed: 10028172531970278004

182 dickylongcocking the Magician (level 5, -5/35 HPs)
             Began as a Djinni Fire Elementalist on June 28, 2021.
             Slain by Duvessa (17 damage)
             ... on level 3 of the Dungeon.
             The game lasted 00:03:12 (4017 turns).

dickylongcocking the Magician (DjFE)                Turns: 4017, Time: 00:03:13

Health: -5/35      AC:  4    Str:  7    XL:     5   Next: 93%
Gold:   90         EV: 12    Int: 17    God:
                   SH:  0    Dex: 14

rFire    + + .     SeeInvis .   i - +0 short sword (venom)
rCold    x . .     Faith    .   (no shield)
rNeg     . . .     Spirit   .   b - +0 leather armour
rPois    ∞         Reflect  .   h - +0 helmet
rElec    .         Harm     .   (no cloak)
rCorr    .         Rampage  .   (no gloves)
Will     .....                  (boots unavailable)
Stlth    ++........             (no amulet)
HPRegen  0.11/turn              (no ring)
MPRegen  0.00/turn              (no ring)

@: flying
A: sickness immunity, fire resistance 2, cold vulnerability 1, float, innate
caster, hp casting, extra vitality 1
a: no special abilities


You were on level 3 of the Dungeon.
You visited 1 branch of the dungeon, and saw 4 of its levels.

You collected 90 gold pieces.

Inventory:

Hand Weapons
 i - a +0 short sword of venom (weapon)
Armour
 a - a +0 robe
 b - a +0 leather armour (worn)
 h - a +0 helmet (worn)
Jewellery
 j - a ring of ice
Wands
 g - a wand of polymorph (7)
Scrolls
 f - 2 scrolls of identify {unknown}
 k - a scroll of fog {unknown}
 m - a scroll of noise {unknown}
Potions
 d - a potion of curing {unknown}
 e - a potion of ambrosia {unknown}
 l - a potion of mutation {unknown}


   Skills:
 + Level 0.1 Fighting
 + Level 0.7 Short Blades
 + Level 1.8 Armour
 + Level 2.6 Dodging
 + Level 2.0 Stealth
 + Level 4.0 Spellcasting


You couldn't memorise any spells.
You knew the following spells:

 Your Spells              Type           Power      Damage    Failure   Level
a - Foxfire               Conj/Fire      68%        2x1d7     4%          1
b - Conjure Flame         Conj/Fire      17%        6-21      13%         3
c - Inner Flame           Hex/Fire       17%        N/A       13%         3
d - Sticky Flame          Conj/Fire      17%        2d4       38%         4
e - Fireball              Conj/Fire      8%         3d6       75%         5
f - Sting                 Tmut/Pois      68%        1d6       4%          1
g - Wereblood             Tmut           17%        N/A       6%          2
Your spell library was empty.

Dungeon Overview and Level Annotations

Branches:
Dungeon (4/15)
 Temple: D:4-7

Altars:
Fedhas
Uskayaw

Annotations:
D:3 Duvessa


Innate Abilities, Weirdness & Mutations

You are immune to sickness and miasma.
You are immune to poison.
Your flesh is very heat resistant. (rF++)
You are vulnerable to cold. (rC-)
You float through the air rather than walking.
You learn spells naturally, not from books.
Your magical power is your life essence.
You have superior vitality. (+4 HP)


Message History

Unknown command.
Unknown command.
Casting: Sting (safe; 4% risk of failure)
Confirm with . or Enter, or press ? or * to list all spells.
Aiming: Sting (safe; 4% risk of failure)
Press: ? - help, Shift-Dir - straight line, f/p - Duvessa
Aim: Duvessa, wielding a +0 rapier and wearing a +0 leather armour (heavily wounded, berserk, unusually resistant, poisoned, 77% to hit)
The sting hits Duvessa but does no damage.
Duvessa looks even sicker.
Duvessa is heavily wounded.
Duvessa hits you with a +0 rapier.
Your magical contamination has completely faded away.
Unknown command.
Okay, then.
Duvessa barely misses you.
Unknown command.
Unknown command.
Casting: Sting (safe; 4% risk of failure)
Confirm with . or Enter, or press ? or * to list all spells.
Aiming: Sting (safe; 4% risk of failure)
Press: ? - help, Shift-Dir - straight line, f/p - Duvessa
Aim: Duvessa, wielding a +0 rapier and wearing a +0 leather armour (severely wounded, berserk, unusually resistant, very poisoned, 77% to hit)
The sting misses Duvessa.
Duvessa closely misses you. Duvessa hits you with a +0 rapier!
* * * LOW HITPOINT WARNING * * *
Unknown command.
You feel much better. Duvessa misses you.
Unknown command.
Okay, then.
Casting: Sting (safe; 4% risk of failure)
Confirm with . or Enter, or press ? or * to list all spells.
Okay, then.
Press: ? - help, v - describe, . - travel
Here: Duvessa, wielding a +0 rapier and wearing a +0 leather armour (severely wounded, berserk, unusually resistant, very poisoned)
A stone staircase leading down.
Unknown command.
Casting: Sting (safe; 4% risk of failure)
Confirm with . or Enter, or press ? or * to list all spells.
You conjure some foxfire!
Duvessa hits you with a +0 rapier!
You die...

#####......#....<...##.#.....#
##.....##.##...#######.#.#####
.))....#...............#.#
##)...##.#.##..#########.#
.)###....#.........#.....# #.#
######..#....#.#.##### #.#
#<..#....#...# #.#
##.####ve##### ..# #.# ##@#
### #.# #v# ### #.# #.#####
#8### #.# #.....# _._.#
#.#########.# ...##
#......##...# ≈.§#
######.##.### #§## #.##.# ..#
#....#


You could see Duvessa (berserk, resistant, very poisoned, ally target).

Vanquished Creatures
  Dowan (D:4)
  Robin (D:3)
  A gnoll (D:3)
  3 adders (D:2)
  An adder skeleton (D:3)
  2 dart slugs
  8 orcs
  4 bats
  4 endoplasms
  3 giant cockroaches
  11 goblins
  5 hobgoblins
  4 jackals (D:2)
  4 kobolds
  A quokka (D:2)
  3 ball pythons
  2 frilled lizards
  10 rats
68 creatures vanquished.

Vanquished Creatures (collateral kills)
  2 foxfires (D:1)
2 creatures vanquished.

Vanquished Creatures (others)
  240 foxfires
  13 plants (D:3)
253 creatures vanquished.

Grand Total: 323 creatures vanquished

Notes
Turn   | Place    | Note
-------+----------+-------------------------------------------
     0 | D:1      | dickylongcocking the Djinni Fire Elementalist began the
                  | quest for the Orb.
     0 | D:1      | Reached XP level 1. HP: 15/15 MP: 0/0
   227 | D:1      | Reached XP level 2. HP: 17/21 MP: 0/0
  1049 | D:1      | Noticed a floating eye
  1051 | D:1      | Found a faded altar of an unknown god.
  1053 | D:1      | Noticed a golden eye
  1053 | D:1      | Noticed an eye of devastation
  1053 | D:1      | Noticed a great orb of eyes
  1177 | D:2      | Reached skill level 3 in Spellcasting
  1179 | D:2      | Reached XP level 3. HP: 18/25 MP: 0/0
  1179 | D:2      | Learned a level 1 spell: Sting
  1629 | D:2      | Reached XP level 4. HP: 29/31 MP: 0/0
  2549 | D:3      | Noticed Robin
  2553 | D:3      | Reached skill level 1 in Armour
  2562 | D:3      | Killed Robin
  2569 | D:3      | Reached XP level 5. HP: 1/35 MP: 0/0
  2569 | D:3      | Learned a level 2 spell: Wereblood
  3882 | D:3      | Found a hide-covered altar of Uskayaw.
  3882 | D:3      | Found a blossoming altar of Fedhas.
  4001 | D:4      | Noticed Duvessa
  4001 | D:4      | Noticed Dowan
  4005 | D:4      | Noticed an ogre
  4008 | D:4      | Killed Dowan
  4009 | D:4      | Reached skill level 4 in Spellcasting
  4015 | D:3      | HP: 1/35 [Duvessa (13)]
  4017 | D:3      | Slain by Duvessa

Illustrated notes

Levels and vault maps discovered:
D:1:      eino_arrival_druids_welcome, layout_loops_cross,
          hellmonk_ecumenical_altar_watching_god
D:2:      layout_rooms, minivault_26, kennysheep_decorative_pillar
D:3:      layout_basic, gammafunk_temple_overflow_statue, serial_bayou_pond_c,
          kennysheep_potato, uniq_robin
D:4:      layout_rooms, lemuel_crystal_altar, minmay_temple_entry_junction,
          chequers_hall_statues_corner_a, uniq_duvessa, uniq_blork_the_orc

Skill      XL: |  1  2  3  4  5 |
---------------+----------------+-----
Spellcasting   | 3 4 |  4.0
Armour         | 1 |  1.8
Stealth        | 2 |  2.0
Fighting       | |  0.1
Short Blades   | |  0.7
Dodging        | |  2.6

Action                   |  1- 3 |  4- 6 || total
-------------------------+-------+-------++-------
Melee: Unarmed           |       |     1 ||     1
       Short sword       |       |    29 ||    29
 Cast: Foxfire           |    74 |    77 ||   151
       Inner Flame       |       |     3 ||     3
       Sting             |       |     4 ||     4
  Use: Potion            |       |     2 ||     2
Armor: Robe              |     2 |       ||     2
       Leather armour    |     1 |    18 ||    19
Dodge: Dodged            |     7 |    26 ||    33

Table legend: (Time is in decaauts)
 A = Elapsed time spent in this place.
 B = Non-inter-level travel time spent in this place.
 C = Inter-level travel time spent in this place.
 D = Time resting spent in this place.
 E = Time spent auto-exploring this place.
 F = Levels seen in this place.
 G = Mean time per level.
                   A        B        C        D        E       F      G
               +--------+--------+--------+--------+--------+-----+--------+
         Total |   4018 |   3890 |    128 |    235 |   3304 |   4 | 1004.5 |
       Dungeon |   4018 |   3890 |    128 |    235 |   3304 |   4 | 1004.5 |
               +--------+--------+--------+--------+--------+-----+--------+

Top non-repeatable levels by time:
     D:3: 1613 daAuts
     D:2: 1223 daAuts
     D:1: 1173 daAuts
     D:4: 8 daAuts
